 Dungeon Crawl Stone Soup version 0.22.1-2-g9c5b331 (webtiles) character file.

85 Fang the Chopper (level 4, -1/28 HPs)
             Began as a Gargoyle Berserker on Nov 14, 2018.
             Was a Follower of Trog.
             Killed by divine providence
             ... invoked by an orc priest
              (14 damage)
             ... on level 3 of the Dungeon.
             The game lasted 00:01:46 (1464 turns).

Fang the Chopper (Gargoyle Berserker)               Turns: 1464, Time: 00:01:47

Health: -1/28      AC: 10    Str: 22    XL:     4   Next: 48%
Magic:  4/4        EV: 10    Int:  7    God:    Trog [*.....]
Gold:   142        SH:  0    Dex:  9    Spells: 3/3 levels left

rFire    . . .     SeeInvis .   a - +0 hand axe
rCold    . . .     Gourm    .   (no shield)
rNeg     + . .     Faith    .   p - +0 scale mail
rPois    ∞         Spirit   .   (no helmet)
rElec    +         Reflect  .   (no cloak)
rCorr    .         Harm     .   (no gloves)
MR       .....                  (no boots)
Stlth    ..........             (no amulet)
HPRegen  0.09/turn              (no ring)
MPRegen  0.09/turn              (no ring)

@: no status effects
A: negative energy resistance 1, electricity resistance, unbreathing,
petrification resistance, rot immunity, AC +3
a: Berserk, Renounce Religion


You were on level 3 of the Dungeon.
You worshipped Trog.
Trog was aware of your devotion.
You were not hungry.

You visited 1 branch of the dungeon, and saw 3 of its levels.

You collected 142 gold pieces.

Inventory:

Hand Weapons
 a - a +0 hand axe (weapon)
Armour
 p - a +0 scale mail (worn)
Scrolls
 b - a scroll of magic mapping {unknown}
 e - 3 scrolls of teleportation {unknown}
 i - 2 scrolls of identify {unknown}
 j - 3 scrolls of fear {unknown}
 m - 2 scrolls of enchant weapon {unknown}
 r - a scroll of immolation {unknown}
 t - a scroll of enchant armour {unknown}
Potions
 d - 2 potions of flight {unknown}
 f - 2 potions of ambrosia {unknown}
 g - a potion of might {unknown}
 h - a potion of brilliance {unknown}
 k - 3 potions of curing {unknown}
 l - 2 potions of resistance {unknown}
 n - a potion of lignification {unknown}
 o - 2 potions of invisibility {unknown}
 q - 3 potions of agility {unknown}
 s - 3 potions of haste {unknown}
Comestibles
 c - 8 rations
 u - a chunk of flesh


   Skills:
 + Level 3.5 Fighting
 + Level 4.0 Axes
 + Level 2.5 Armour
 + Level 2.1 Dodging
 + Level 0.4 Stealth


You had 3 spell levels left.
You didn't know any spells.
Your spell library was empty.

Dungeon Overview and Level Annotations

Branches:
Dungeon (3/15)

Altars:


Innate Abilities, Weirdness & Mutations

You are resistant to torment.
Your stone body is resilient. (AC +3)
You are immune to poison.
You resist negative energy. (rN+)
You are resistant to electric shocks. (rElec)
You can survive without breathing.
You are immune to petrification.
You are immune to rotting.


Message History

You hear a shout! x2
You are too injured to fight recklessly!
You are too injured to fight recklessly!
You are too injured to fight recklessly!
You are too injured to fight recklessly!
You are too injured to fight recklessly!
You are too injured to fight recklessly!
You are too injured to fight recklessly!
You are too injured to fight recklessly!
You are too injured to fight recklessly!
You are too injured to fight recklessly!
You are too injured to fight recklessly!
You are too injured to fight recklessly!
You are too injured to fight recklessly!
An orc comes into view.
The orc shouts!
The orc priest calls down the wrath of Beogh upon you.
Beogh smites you!
Ouch! That really hurt!
You die...

#... #......
#####...#
#......
........#######
#######
..............#
..............#
oo............#
#...........#
#...........#
#...o@......#
............).#
###...........#
#...........#
#...........#
#########.###
##.############
#..............
###############


You could see an orc priest and 2 orcs.

Vanquished Creatures
  A gnoll (D:2)
  4 adders
  A leopard gecko (D:3)
  3 orcs (D:3)
  A giant cockroach (D:2)
  5 goblins
  6 hobgoblins
  4 jackals
  2 kobolds
  4 bats
  A frilled lizard (D:1)
32 creatures vanquished.

Notes
Turn   | Place    | Note
-------+----------+-------------------------------------------
     0 | D:1      | Fang the Gargoyle Berserker began the quest for the Orb.
     0 | D:1      | Reached XP level 1. HP: 14/14 MP: 1/1
   294 | D:1      | Reached XP level 2. HP: 13/19 MP: 2/2
   435 | D:1      | Reached skill level 3 in Axes
   641 | D:2      | Reached * piety under Trog
   788 | D:2      | Reached XP level 3. HP: 20/23 MP: 3/3
  1005 | D:2      | Reached XP level 4. HP: 24/28 MP: 4/4
  1291 | D:3      | Reached skill level 4 in Axes
  1464 | D:3      | Killed from afar by an orc priest

Skill      XL: |  1  2  3  4 |
---------------+-------------+-----
Axes           | 3 4 |  4.0
Dodging        | 2 |  2.1
Fighting       | |  3.5
Armour         | |  2.5
Stealth        | |  0.4

Action                   |  1- 3 |  4- 6 || total
-------------------------+-------+-------++-------
Melee: Hand axe          |    58 |    31 ||    89
  Eat: Chunk             |       |     2 ||     2
Armor: Animal skin       |     9 |       ||     9
       Scale mail        |    14 |    15 ||    29
Dodge: Dodged            |    32 |    18 ||    50
